 Dungeon Crawl Stone Soup version 0.27.0-1-g7a08968 (webtiles) character file.

Game seed: 7732164389480076447

205 BALLS the Slasher (level 5, -15/27 HPs)
             Began as a Vine Stalker Fighter on Jan 20, 2022.
             Demolished by Pikel (16 damage)
             ... on level 4 of the Dungeon.
             The game lasted 00:05:40 (2569 turns).

BALLS the Slasher (Vine Stalker Fighter)            Turns: 2569, Time: 00:05:41

Health: -15/27     AC:  8    Str: 19    XL:     5   Next: 83%
Magic:  0/6        EV:  7    Int:  8    God:
Gold:   90         SH:  9    Dex: 20    Spells: 4/4 levels left

rFire    + . .     SeeInvis .   a - +0 long sword
rCold    + . .     Faith    .   c - +0 kite shield
rNeg     . . .     Spirit   +   b - +0 scale mail
rPois    .         Reflect  .   q - +0 helmet
rElec    .         Harm     .   o - scarf {rC+ rF+}
rCorr    .         Rampage  .   (no gloves)
Will     .....                  k - +0 pair of boots
Stlth    ..........             (no amulet)
HPRegen  1.09/turn              m - +6 ring of dexterity
MPRegen  0.10/turn              (no ring)

@: mighty
A: fangs 2, regeneration 1, magic shield, antimagic bite, no potion heal 2
a: no special abilities


You were on level 4 of the Dungeon.
You visited 1 branch of the dungeon, and saw 4 of its levels.

You collected 90 gold pieces.

Inventory:

Hand Weapons
 a - a +0 long sword (weapon)
 v - a +1 hand axe of flaming
Armour
 b - a +0 scale mail (worn)
 c - a +0 kite shield (worn)
 k - a +0 pair of boots (worn)
 o - a scarf of resistance (worn)
 q - a +0 helmet (worn)
Jewellery
 m - a +6 ring of dexterity (left hand)
Wands
 p - a wand of digging (2)
Scrolls
 e - a scroll of amnesia {unknown}
 f - 4 scrolls of identify {unknown}
 g - 3 scrolls of teleportation {unknown}
 h - a scroll of vulnerability {unknown}
 j - 2 scrolls of fog {unknown}
 n - a scroll of fear {unknown}
 r - a scroll of torment {unknown}
 s - a scroll of magic mapping {unknown}
 u - a scroll of holy word {unknown}
Potions
 d - a potion of might
 i - 2 potions of attraction {unknown}
 l - a potion of cancellation {unknown}
 t - 2 potions of lignification {unknown}


   Skills:
 - Level 2.6 Fighting
 + Level 5.3 Long Blades
 - Level 2.4 Armour
 - Level 2.6 Shields


You had 4 spell levels left.
You didn't know any spells.
Your spell library was empty.

Dungeon Overview and Level Annotations

Branches:
Dungeon (4/15)
 Temple: D:4-7

Altars:

Annotations:
D:4 Pikel


Innate Abilities, Weirdness & Mutations

You have extremely sharp teeth.
Your natural rate of healing is unusually fast.
When hurt, damage is shared between your health and your magic reserves.
Your bite disrupts and absorbs the magic of your enemies.
Potions cannot restore your health.


Message History

Found 5 gold pieces.
A lemure comes into view.
The lemure shouts!
You hear a shout!
A lemure comes into view.
The lemure shouts!
Pikel the Slaver comes into view.
He is wielding a +1 whip of electrocution.
Pikel shouts!
A lemure comes into view.
You slash the lemure! You bite the lemure. You drain its power.
The lemure is heavily wounded.
You block the lemure's attack.
A lemure comes into view.
The lemure hits you but does no damage.
You barely miss the lemure.
The lemure shouts!
You bite the lemure! You drain its power.
The lemure is almost dead.
The lemure closely misses you.
You riposte.
You slash the lemure!
The lemure is heavily wounded.
The lemure hits you. You block the lemure's attack.
You slash the lemure!
You kill the lemure!
That felt strangely unrewarding.
You slash Pikel! Your bite misses Pikel.
Pikel is moderately wounded.
Pikel hits you but does no damage. The lemure hits you.
Pikel hits you with a +1 whip of electrocution!
You are electrocuted!
* * * LOW HITPOINT WARNING * * *
You slash Pikel! Your bite misses Pikel.
Pikel is heavily wounded.
The lemure closely misses you.
You riposte.
You barely miss the lemure. Your bite misses the lemure.
The lemure is heavily wounded.
Pikel waves his whip at you.
Pikel hits you with a +1 whip of electrocution.
* * * LOW HITPOINT WARNING * * *
You are electrocuted!
Ouch! That really hurt!
You die...

## #.## ##########.#.#
#######...........#
................#.##.##
#..##.........55......
#..##..#####..@K....#
#..^...#####..5....##
###..................#
......†..##<.......$....
.<.....).............###
######)####............
#.# #.........#### #.#
###.##..... #.# #


You could see Pikel and 3 lemures.

Vanquished Creatures
  A lemure (D:4)
  Blork the orc (D:4)
  An orc wizard (D:4)
  Robin (D:3)
  2 adders
  A worm (D:2)
  2 dart slugs
  4 orcs (D:4)
  7 ball pythons
  5 endoplasms
  A giant cockroach (D:2)
  7 hobgoblins
  4 jackals (D:1)
  4 quokkas
  12 bats
  2 frilled lizards
  14 goblins
  3 kobolds
  4 rats
76 creatures vanquished.

Notes
Turn   | Place    | Note
-------+----------+-------------------------------------------
     0 | D:1      | BALLS the Vine Stalker Fighter began the quest for the Orb.
     0 | D:1      | Reached XP level 1. HP: 11/11 MP: 2/2
    25 | D:1      | Reached skill level 2 in Long Blades
   206 | D:1      | Reached XP level 2. HP: 16/16 MP: 3/3
   523 | D:1      | Found a faded altar of an unknown god.
   619 | D:1      | Reached skill level 3 in Long Blades
   940 | D:2      | Reached XP level 3. HP: 19/19 MP: 4/4
  2211 | D:3      | Gained mutation: Your natural rate of healing is unusually
                  | fast. [Vine Stalker growth]
  2211 | D:3      | Reached XP level 4. HP: 22/23 MP: 5/5
  2216 | D:3      | Noticed Robin
  2241 | D:2      | Reached skill level 4 in Long Blades
  2258 | D:3      | Killed Robin
  2528 | D:4      | Noticed Blork the orc
  2535 | D:4      | Reached XP level 5. HP: 27/27 MP: 6/6
  2541 | D:4      | Killed Blork the orc
  2542 | D:4      | Reached skill level 5 in Long Blades
  2561 | D:4      | Noticed a lemure
  2562 | D:4      | Noticed a lemure
  2563 | D:4      | Noticed Pikel
  2564 | D:4      | Noticed a lemure
  2565 | D:4      | Noticed a lemure
  2567 | D:4      | Killed a lemure
  2569 | D:4      | HP: 1/27 [Pikel (4)]
  2569 | D:4      | Demolished by Pikel

Illustrated notes

Levels and vault maps discovered:
D:1:      minmay_arrival_five_plusses, layout_basic,
          chequers_ecumenical_altar_grove
D:2:      layout_basic, bh_walls_and_bars
D:3:      layout_rooms, serial_bayou_pond_e, uniq_robin
D:4:      layout_loops_ring, trog_ov_bears_minmay, serial_rivers,
          chequers_serial_rivers_small_b, chequers_serial_rivers_room_a,
          chequers_serial_rivers_small_b, chequers_serial_rivers_micro_c,
          chequers_serial_rivers_micro_a, chequers_serial_rivers_room_a,
          minmay_box_of_dots, uniq_blork_the_orc, uniq_sigmund, uniq_grinder,
          uniq_pikel

Skill      XL: |  1  2  3  4  5 |
---------------+----------------+-----
Long Blades    | 2 3 4 5 |  5.3
Fighting       | |  2.6
Armour         | |  2.4
Shields        | |  2.6

Action                   |  1- 3 |  4- 6 || total
-------------------------+-------+-------++-------
Melee: Long sword        |   105 |    58 ||   163
       Bite              |    31 |    25 ||    56
  Use: Potion            |       |     1 ||     1
Armor: Scale mail        |    47 |    32 ||    79
Dodge: Dodged            |    35 |    18 ||    53
Block: Kite shield       |    51 |    41 ||    92
       Rpst.: Long sword |    14 |     8 ||    22
